 Dungeon Crawl Stone Soup version 0.31.0-32-g396128a36d (webtiles) character file.

Game seed: 9201454390809865988

104 Peloso the Covered (level 4, -1/41 HPs)
             Began as a Minotaur Fighter on Mar 28, 2024.
             Killed from afar by an orc wizard (7 damage)
             ... with a puff of flame
             ... on level 4 of the Dungeon.
             The game lasted 00:01:49 (1150 turns).

Peloso the Covered (Minotaur Fighter)               Turns: 1150, Time: 00:01:50

Health: -1/41      AC:  9    Str: 21    XL:     4   Next: 52%
Magic:  3/3        EV:  8    Int:  5    God:
Gold:   57         SH:  4    Dex: 11    Spells: 3/3 levels left

rFire   . . .        a - +0 long sword
rCold   . . .        d - +0 buckler
rNeg    . . .        c - +0 chain mail
rPois   .            (helmet restricted)
rElec   .            (no cloak)
rCorr   .            (no gloves)
SInv    .            (no boots)
Will    +....        (no amulet) Stlth
                     f - ring of willpower
HPRegen 0.26/turn    (no ring)
MPRegen 0.08/turn

%: no passive effects
@: mighty
A: horns 2, retaliatory headbutt
a: no special abilities


You were on level 4 of the Dungeon.
You visited 1 branch of the dungeon, and saw 3 of its levels.

You collected 57 gold pieces.

Inventory:

Hand Weapons
 a - a +0 long sword (weapon)
Armour
 b - a +0 scale mail
 c - a +0 chain mail (worn)
 d - a +0 buckler (worn)
Jewellery
 f - a ring of willpower (left hand)
Scrolls
 e - a scroll of identify
 g - a scroll of fear
Potions
 i - 2 potions of brilliance


   Skills:
 + Level 4.3 Fighting
 + Level 3.7 Long Blades
 + Level 4.5 Armour
 + Level 0.8 Dodging
 + Level 0.1 Stealth
 + Level 4.2 Shields


You had 3 spell levels left.
You didn't know any spells.
Your spell library was empty.

Dungeon Overview and Level Annotations

Branches:
Dungeon (2/15)

Altars:


Innate Abilities, Weirdness & Mutations

You have a pair of horns on your head.
You reflexively headbutt those who attack you in melee.


Message History

You closely miss the orc wizard. Your headbutt misses the orc wizard.
You hit the orc.
The orc is heavily wounded.
You barely miss the orc.
The orc is heavily wounded.
The orc hits you with a +0 hand axe.
You closely miss the orc.
The orc is heavily wounded.
The orc barely misses you. You furiously retaliate!
You headbutt the orc!
You kill the orc!
The orc wizard hits you but does no damage.
You barely miss the orc wizard.
The orc wizard casts a spell.
The orc wizard flickers and vanishes!
Deactivating autopickup; reactivate with Ctrl-A.
You hit something but do no damage. Your headbutt misses something.
The orc priest mumbles some strange prayers to Beogh against you.
Beogh smites you! Something hits you.
You miss something.
The orc throws a boomerang.
Something hits you.
You barely miss something.
The orc throws a boomerang.
The boomerang closely misses you. Something completely misses you.
The orc throws a boomerang.
You block the boomerang.
You miss something. Something hits you.
* * * LOW HITPOINT WARNING * * *
You hear some strange, mumbled words.
A puff of flame appears from out of thin air!
The puff of flame hits you but does no damage.
You miss something.
You hear some strange, mumbled words.
A puff of flame appears from out of thin air!
The puff of flame hits you.
* * * LOW HITPOINT WARNING * * *
Unknown command.
You miss something.
The orc throws a boomerang.
Something hits you but does no damage.
You feel very mighty all of a sudden.
You hear some strange, mumbled words.
A puff of flame appears from out of thin air!
The puff of flame hits you!
You die...

+..........#
#.......... #.......#
#.. #.....# #.# #.o.#
#.### ### #o# #...
..# #o# #..# #.# #{#
#..# #.# ##@##
#..######.###...####
#..##...............#
#..##.###.###...###.#
#..##.###.# ##.##
#.........# ###
###########


You could see an orc priest and 2 orcs.

Vanquished Creatures
  A bullfrog (D:4)
  An adder zombie (D:2)
  2 dart slugs (D:1)
  An orc (D:4)
  4 endoplasms
  A giant cockroach (D:2)
  3 goblins (D:2)
  5 hobgoblins
  A ball python (D:2)
  A ball python skeleton (D:2)
  2 bats
  4 frilled lizards
  2 kobolds
  A quokka zombie (D:2)
  3 rats (D:2)
32 creatures vanquished.

Notes
Turn   | Place    | Note
-------+----------+-------------------------------------------
     0 | D:1      | Peloso the Minotaur Fighter began the quest for the Orb.
     0 | D:1      | Reached XP level 1. HP: 19/19 MP: 0/0
   125 | D:1      | Found a faded altar of an unknown god.
   272 | D:1      | Reached XP level 2. HP: 27/27 MP: 1/1
  1005 | D:2      | Reached XP level 3. HP: 25/33 MP: 2/2
  1101 | D:2      | You fall into a shaft and drop 2 floors!
  1112 | D:4      | Noticed a bullfrog
  1121 | D:4      | Killed a bullfrog
  1122 | D:4      | Reached XP level 4. HP: 33/41 MP: 3/3
  1150 | D:4      | Killed from afar by an orc wizard

Illustrated notes

Levels and vault maps discovered:
D:1:      dpeg_arrival_boxorama, layout_basic,
          hellmonk_ecumenical_altar_pennies_from_heaven
D:2:      layout_loops_ring, serial_undead, serial_undead_d, serial_undead_a,
          serial_undead_e, serial_undead_c, corexii_hall_statues_s
D:4:      layout_loops_corners, serial_shops, nicolae_stop_n_shop_2,
          nicolae_shop_tiny_glass, shop, nicolae_shop_advertising_works
          [nicolae_subvault_shop_adworks], uniq_grinder, uniq_blork_the_orc,
          uniq_crazy_yiuf_cottage

Skill      XL: |  1  2  3 |
---------------+----------+-----
Armour         | 4 |  4.5
Shields        | 4 |  4.2
Fighting       | 4 |  4.3
Long Blades    | 3 |  3.7
Dodging        | |  0.8
Stealth        | |  0.1

Action                     |  1- 3 |  4- 6 || total
---------------------------+-------+-------++-------
  Melee: Long sword        |    53 |    14 ||    67
         Headbutt          |     8 |       ||     8
    Use: Scroll            |     3 |       ||     3
         Potion            |       |     1 ||     1
 Armour: Scale mail        |    43 |       ||    43
         Chain mail        |     8 |    11 ||    19
  Dodge: Dodged            |    32 |     5 ||    37
  Block: Buckler           |    17 |     2 ||    19
